 Dungeon Crawl Stone Soup version 0.13.1-27-ga479965 (webtiles) character file.

155 Iskender the Sneak (level 3, 0/16 HPs)
             Began as a Felid Chaos Knight on Feb 8, 2014.
             Was a Plaything of Xom.
             Slain by an adder (3 damage)
             ... on Level 2 of the Dungeon.
             The game lasted 00:10:54 (1560 turns).

Iskender the Sneak (Felid Chaos Knight)             Turns: 1560, Time: 00:10:54

HP   0/16        AC  1     Str  8      XL: 3   Next: 19%
MP   5/5         EV 18     Int 13      God: Xom
Gold 119         SH  0     Dex 16      Spells:  0 memorised,  2 levels left
Lives: 0, deaths: 1

Res.Fire  : . . .   See Invis. : +     - Unarmed
Res.Cold  : . . .   Warding    : .   (armour unavailable)
Life Prot.: . . .   Conserve   : .   (shield unavailable)
Res.Poison: .       Res.Corr.  : .   (helmet unavailable)
Res.Elec. : .       Clarity    : .   (cloak unavailable)
Sust.Abil.: . .     Spirit.Shd : .   (gloves unavailable)
Res.Mut.  : .       Stasis     : .   (boots unavailable)
Res.Rott. : .       Flight     : .   (no amulet)
Saprovore : . . .                    (no ring)
                                     o - cursed ring of wizardry

@: mildly poisoned, quick, slightly resistant to hostile enchantments, very
stealthy
A: paw claws, no armour, no advanced items, fangs 3, see invisible, carnivore 3,
speed 1, slow metabolism 1, AC +1
a: Renounce Religion


You were on level 2 of the Dungeon.
You worshipped Xom.
You were a beloved toy of Xom.
You were not hungry.

You visited 1 branch of the dungeon, and saw 2 of its levels.

You collected 99 gold pieces.

Inventory:

Hand weapons
 f - a cursed -2,+0 dwarven hand axe
Comestibles
 c - a meat ration
 g - a bread ration
 i - an apple
 j - a pear
 q - a beef jerky
 t - a rotting chunk of quokka flesh
Scrolls
 a - a scroll of recharging {unknown}
 b - a scroll of fog {unknown}
 d - 3 scrolls of identify {unknown}
 k - a scroll of fear {unknown}
 m - 2 scrolls of enchant armour {unknown}
 n - a scroll of curse armour {unknown}
 p - 2 scrolls of teleportation {unknown}
 s - 2 scrolls of remove curse {unknown}
Jewellery
 o - a cursed ring of wizardry (left paw)
Potions
 e - a potion of cure mutation {unknown}
 h - 2 potions of heal wounds {unknown}
 l - a potion of curing {unknown}


   Skills:
 - Level 3.0 Fighting
 - Level 3.2 Dodging
 - Level 5.4 Stealth
 + Level 3.2 Unarmed Combat


You had 2 spell levels left.
You didn't know any spells.

Dungeon Overview and Level Annotations

Branches:
Dungeon (2/27)

Altars:

Annotations:
D:2 exclusion: 2 gnolls


Innate Abilities, Weirdness & Mutations

You cannot wear armour.
You are incapable of any advanced item manipulation.
Your paws have sharp claws.
You have razor-sharp teeth.
You have supernaturally acute eyesight.
You are carnivorous and can eat meat at any time.
You cover ground quickly.
You are covered in fur (AC +1).
You have a slow metabolism.


Message History

The adder misses you. The adder completely misses you. The adder bites you.
You are more poisoned.
The adder poisons you!
You miss the adder.
The adder is heavily wounded.
You feel sick. The adder bites you.
* * * LOW HITPOINT WARNING * * *
The adder closely misses you.
You are too injured to fight recklessly!
You are too injured to fight recklessly!
You are too injured to fight recklessly!
You are too injured to fight recklessly!
You are too injured to fight recklessly!
You are too injured to fight recklessly!
Unknown command.
You closely miss the adder.
The adder is severely wounded.
* * * LOW HITPOINT WARNING * * *
You feel sick. The adder bites you.
You die...

## ...
###############
### ....
...........?.....
..# .....
#......... #.#
..... #)........
... .....
#@S....... #.#
...... #S........
#.##### ......
#........ #.....#
...... #........
#...... .....
#......####
#...... ####.
#......# #......
#......#
#.##.###.. ###
####......# #.##.#
#..
#.........#......#
#>##.# #..


You could see 2 adders.

Vanquished Creatures
  A gnoll (D:2)
  2 adders (D:2)
  A giant mite (D:1)
  2 worms (D:2)
  7 bats
  4 giant cockroaches
  7 hobgoblins (D:1)
  2 giant newts (D:1)
  5 goblins
  8 kobolds
  A quokka (D:2)
  2 rats (D:1)
42 creatures vanquished.

Vanquished Creatures (collateral kills)
  A gnoll (D:2)
1 creature vanquished.

Grand Total: 43 creatures vanquished

Notes
Turn   | Place    | Note
--------------------------------------------------------------
     0 | D:1      | Iskender, the Felid Chaos Knight, began the quest for the Orb.
     0 | D:1      | Reached XP level 1. HP: 9/9 MP: 2/2
    12 | D:1      | XOM: harmless Summ miscast
    32 | D:1      | Reached skill level 1 in Stealth
   106 | D:1      | XOM: harmless Divn miscast
   159 | D:1      | Reached XP level 2. HP: 10/13 MP: 3/3
   486 | D:1      | XOM: divination: detect items
   498 | D:1      | XOM: divination: detect creatures
   519 | D:1      | XOM: harmless Conj miscast
   587 | D:1      | Reached skill level 4 in Stealth
   594 | D:1      | Reached XP level 3. HP: 14/16 MP: 5/5
   614 | D:1      | XOM: divination: detect creatures
   618 | D:1      | XOM: divination: detect creatures
   907 | D:2      | XOM: medium Chrm miscast
  1176 | D:2      | Reached skill level 5 in Stealth
  1224 | D:2      | XOM: 8-stop teleportation journey
  1228 | D:2      | XOM: enchant monster (good)
  1235 | D:2      | Reached XP level 4. HP: 16/20 MP: 7/7
  1446 | D:2      | XOM is BORED!
  1446 | D:2      | XOM: summons 3 hostile shadow creatures
  1506 | D:1      | XOM: give mutation
  1506 | D:1      | XOM: summons 2 hostile demons
  1512 | D:1      | Killed from afar by a white imp
  1513 | D:1      | Reached XP level 3. HP: -7/16 MP: 5/5
  1560 | D:2      | Slain by an adder

Action                   |  1- 3 |  4- 6 || total
-------------------------+-------+-------++-------
Melee: Unarmed           |   139 |     8 ||   147
 Stab: Sleeping          |     7 |       ||     7
